 Dungeon Crawl Stone Soup version 0.16-a0-3049-g2a447e9 (webtiles) character file.

66276 Ololoev the Basher (level 15, -1/121 HPs)
             Began as a Vine Stalker Berserker on Dec 9, 2014.
             Was a High Priest of Trog.
             Engulfed by a cloud of flame (4 damage)
             ... on level 5 of the Snake Pit.
             The game lasted 01:42:06 (9003 turns).

Ololoev the Basher (Vine Stalker Berserker)         Turns: 9003, Time: 01:42:06

Health: -1/121     AC: 24    Str: 33    XL:     15   Next: 19%
Magic:  0/27       EV: 12    Int:  8    God:    Trog [*****.]
Gold:   706        SH:  0    Dex: 15    Spells: 0 memorised, 14 levels left

rFire  + . .     SeeInvis +     X - +5 eveningstar (protect)
rCold  + + +     Clarity  .     V - +2 plate armour "Fuwyac" {rC+ MR+ SInv}
rNeg   . . .     SustAb   .     (no shield)
rPois  +         Gourm    .     (no helmet)
rElec  +         Spirit   +     f - +0 cloak
rCorr  +         Warding  .     t - +0 pair of gloves
rMut   .         Stasis   .     (no boots)
MR     ++...                    (no amulet)
Stlth  ..........               G - ring of protection from cold
                                J - ring "Klau" {+cTele Str+3 Int+1}

@: berserking, lethally poisoned, about to teleport, controlling teleports,
resistant, constricted, very quick, very resistant to hostile enchantments,
extremely unstealthy
A: fangs 3, regeneration 3, magic shield, antimagic bite, no device heal 3, rot
immunity
a: Burn Spellbooks, Berserk, Trog's Hand, Brothers in Arms, Renounce Religion,
Evoke Teleport Control


You were on level 5 of the Snake Pit.
You worshipped Trog.
Trog was extremely pleased with you.
You were not hungry.

You visited 4 branches of the dungeon, and saw 28 of its levels.
You also visited: Labyrinth and Ice Cave.

You collected 1458 gold pieces.
You spent 752 gold pieces at shops.

Notes
Turn   | Place    | Note
--------------------------------------------------------------
     0 | D:1      | Ololoev, the Vine Stalker Berserker, began the quest for the Orb.
     0 | D:1      | Reached XP level 1. HP: 11/11 MP: 1/1
   186 | D:2      | Reached XP level 2. HP: 14/16 MP: 3/3
   244 | D:2      | Reached skill level 3 in Axes
   352 | D:3      | Found a burning altar of Makhleb.
   352 | D:3      | Noticed a balrug
   355 | D:3      | Found a glowing silver altar of Zin.
   355 | D:3      | Noticed an angel
   484 | D:3      | Noticed Ijyb
   491 | D:3      | Killed Ijyb
   491 | D:3      | Reached XP level 3. HP: 19/19 MP: 4/4
   556 | D:3      | Noticed Natasha
   561 | D:3      | Killed Natasha
   561 | D:3      | Reached XP level 4. HP: 23/23 MP: 5/5
   566 | D:3      | Reached skill level 4 in Axes
   568 | D:3      | Acquired Trog's second power
   661 | D:5      | Entered Level 5 of the Dungeon
   775 | D:5      | Reached XP level 5. HP: 21/27 MP: 5/7
   867 | D:7      | Noticed Pikel
   869 | D:7      | Noticed a slave
   869 | D:7      | Noticed a slave
   869 | D:7      | Noticed a slave
   870 | D:7      | Noticed a slave
   879 | D:7      | Killed Pikel
   879 | D:7      | Reached skill level 7 in Axes
   879 | D:7      | Gained mutation: You heal very quickly. [vine stalker growth]
   879 | D:7      | Reached XP level 6. HP: 32/32 MP: 8/8
   879 | D:7      | Reached XP level 7. HP: 35/35 MP: 9/9
   958 | D:7      | Killed a freed slave
  1026 | D:8      | Reached skill level 8 in Axes
  1026 | D:8      | Reached skill level 1 in Evocations
  1026 | D:8      | Gained mutation: You have razor-sharp teeth. [vine stalker growth]
  1026 | D:8      | Reached XP level 8. HP: 39/39 MP: 10/12
  1137 | D:9      | Reached skill level 1 in Maces & Flails
  1216 | D:8      | Noticed a deep elf fighter
  1221 | D:8      | Killed a deep elf fighter
  1224 | D:8      | Noticed Blork the orc
  1270 | D:8      | Noticed Eustachio
  1280 | D:8      | Killed Blork the orc
  1337 | D:8      | Killed Eustachio
  1396 | D:8      | Reached XP level 9. HP: 43/43 MP: 17/17
  1412 | D:8      | Acquired Trog's third power
  1504 | D:9      | Reached skill level 5 in Maces & Flails
  1535 | D:10     | Entered Level 10 of the Dungeon
  1721 | D:9      | Found a deep blue altar of Sif Muna.
  1745 | D:9      | Reached skill level 5 in Evocations
  1898 | D:10     | Reached XP level 10. HP: 20/47 MP: 11/21
  1958 | D:10     | Found a staircase to the Orcish Mines.
  1966 | D:10     | Paralysed by a giant eyeball for 4 turns
  1992 | Orc:1    | Entered Level 1 of the Orcish Mines
  1992 | Orc:1    | Found Kigidaif's Antique Weapon Shoppe.
  2156 | Orc:1    | Found Luuxusug's Assorted Antiques.
  2164 | Orc:1    | Bought a scorched leather armour for 168 gold pieces
  2164 | Orc:1    | Bought a scroll labeled VIOCVO LULIU for 24 gold pieces
  2174 | Orc:1    | Identified the cursed +2 leather armour of the Buccaneer {+Fly} (You bought it in a shop on level 1 of the Orcish Mines)
  2243 | Orc:1    | Bought a scroll labeled TREN NOWEBOF for 24 gold pieces
  2243 | Orc:1    | Bought a scroll labeled XUITRO NUSIGIPP for 24 gold pieces
  2409 | Orc:3    | Noticed an orc sorcerer
  2412 | Orc:3    | Noticed an orc high priest
  2416 | Orc:3    | Killed an orc sorcerer
  2416 | Orc:3    | Reached skill level 9 in Maces & Flails
  2423 | Orc:3    | Noticed a sixfirhy
  2423 | Orc:3    | Noticed an ice devil
  2429 | Orc:3    | Killed an orc high priest
  2436 | Orc:3    | Received a gift from Trog
  2492 | Orc:3    | Found Qieria's Antique Armour Emporium.
  2494 | Orc:2    | Found Fuxteoje's Antique Armour Emporium.
  2514 | Orc:2    | Reached skill level 10 in Maces & Flails
  2645 | Orc:4    | Entered Level 4 of the Orcish Mines
  2842 | Orc:3    | Noticed Josephine
  2860 | Orc:3    | Killed Josephine
  2860 | Orc:3    | Reached skill level 11 in Maces & Flails
  2860 | Orc:3    | Reached XP level 11. HP: 47/51 MP: 22/22
  2972 | Orc:4    | Found a roughly hewn altar of Beogh.
  3068 | Orc:4    | Found Ytooseos' Assorted Antiques.
  3070 | Orc:4    | Bought a scroll of identify for 52 gold pieces
  3070 | Orc:4    | Bought a crude leather armour for 182 gold pieces
  3070 | Orc:4    | Bought a scroll of identify for 52 gold pieces
  3070 | Orc:4    | Bought a scroll of identify for 52 gold pieces
  3070 | Orc:4    | Bought a scroll of identify for 52 gold pieces
  3248 | Orc:1    | Bought 2 scrolls labeled RIOSOL ANISUJA for 48 gold pieces
  3335 | D:10     | Received a gift from Trog
  3376 | D:10     | Identified the -1 leather armour of Moiwno {rF+ rC+ Slay+2} (You bought it in a shop on level 4 of the Orcish Mines)
  3638 | D:10     | Noticed a hill giant
  3647 | D:10     | Killed a hill giant
  3659 | D:10     | Found a white marble altar of Elyvilon.
  3697 | D:11     | Found a labyrinth entrance.
  3708 | Lab      | Entered a labyrinth
  4012 | Lab      | Noticed a minotaur
  4019 | Lab      | Killed a minotaur
  4019 | Lab      | Reached skill level 5 in Armour
  4026 | Lab      | Got a smoking wooden ring
  4040 | Lab      | Identified the ring "Klau" {+cTele Str+3 Int+1} (You found it in a labyrinth)
  4121 | D:11     | Noticed a vault guard
  4134 | D:11     | Killed a vault guard
  4138 | D:11     | Found a portal to a secret trove of treasure.
  4194 | D:11     | Noticed Nergalle
  4200 | D:11     | Killed Nergalle
  4233 | D:11     | Reached skill level 5 in Fighting
  4399 | D:11     | Found a staircase to the Lair.
  4429 | D:11     | Noticed Erica
  4441 | D:11     | Killed Erica
  4441 | D:11     | Gained mutation: You regenerate. [vine stalker growth]
  4441 | D:11     | Reached XP level 12. HP: 53/60 MP: 23/23
  4480 | Lair:1   | Entered Level 1 of the Lair of Beasts
  4508 | Lair:1   | Received a gift from Trog
  4654 | Lair:2   | Noticed a four-headed hydra
  4660 | Lair:2   | Killed a four-headed hydra
  5170 | Lair:5   | Found a staircase to the Snake Pit.
  5222 | Lair:6   | Noticed a four-headed hydra
  5233 | Lair:6   | Killed a four-headed hydra
  5307 | Lair:7   | Received a gift from Trog
  5326 | Lair:7   | Found a frozen archway.
  5398 | IceCv    | Entered an ice cave
  5545 | IceCv    | Reached XP level 13. HP: 59/67 MP: 24/24
  5624 | IceCv    | Reached skill level 10 in Armour
  5872 | IceCv    | Noticed a death yak
  5896 | IceCv    | Killed a death yak
  5977 | IceCv    | Noticed a frost giant
  5977 | IceCv    | Noticed a death yak
  6002 | IceCv    | Killed a death yak
  6008 | IceCv    | Killed a frost giant
  6008 | IceCv    | Reached skill level 12 in Maces & Flails
  6128 | IceCv    | Got a translucent great sword
  6165 | Lair:7   | Noticed Harold
  6180 | Lair:7   | Killed Harold
  6410 | Lair:7   | Received a gift from Trog
  6628 | Lair:8   | Entered Level 8 of the Lair of Beasts
  6899 | Snake:1  | Entered Level 1 of the Snake Pit
  6908 | Snake:1  | Reached XP level 14. HP: 75/75 MP: 26/26
  6956 | Snake:1  | Found Dyham's Assorted Antiques.
  6976 | Snake:1  | Reached skill level 5 in Dodging
  6995 | Snake:1  | Bought a scroll of identify for 74 gold pieces
  7148 | Snake:2  | Got an ancient plate armour
  7159 | Snake:2  | Identified the +2 plate armour "Fuwyac" {rC+ MR+ SInv} (You found it on level 2 of the Snake Pit)
  7183 | Snake:2  | Noticed Donald
  7198 | Snake:2  | Killed Donald
  7207 | Snake:2  | Reached skill level 13 in Maces & Flails
  7555 | Snake:3  | Reached skill level 1 in Shields
  7712 | Snake:3  | Reached skill level 10 in Fighting
  7733 | Snake:3  | HP: 2/77 [poisoned by a naga ritualist (toxic radiance)]
  8273 | Snake:3  | Found a snail-covered altar of Cheibriados.
  8380 | Snake:3  | Noticed Aizul
  8398 | Snake:3  | Killed Aizul
  8606 | Snake:5  | Entered Level 5 of the Snake Pit
  8763 | Snake:5  | Noticed a greater naga
  8783 | Snake:5  | Reached XP level 15. HP: 81/81 MP: 24/27
  8786 | Snake:5  | Killed a greater naga
  8786 | Snake:5  | Received a gift from Trog
  8792 | Snake:5  | Reached skill level 14 in Maces & Flails
  8835 | Snake:5  | Noticed a greater naga
  8850 | Snake:5  | Killed a greater naga
  9002 | Snake:5  | Noticed a greater naga
  9002 | Snake:5  | HP: 6/121 [anaconda/exploding inner flame[the player character] (12)]
  9003 | Snake:5  | Engulfed by a cloud of flame

Inventory:

Hand weapons
 r - a +2 whip of electrocution
 C - a +5 great mace of protection
 X - a +5 eveningstar of protection (weapon)
Missiles
 k - 3 tomahawks of dispersal (quivered)
Armour
 f - a +0 cloak (worn)
 t - a +0 pair of gloves (worn)
 O - a +4 pearl dragon armour
 V - the +2 plate armour "Fuwyac" (worn) {rC+ MR+ SInv}
   (You found it on level 2 of the Snake Pit)

   It protects you from cold.
   It affects your resistance to hostile enchantments.
   It enhances your eyesight.
 Y - a +0 shield of reflection
Jewellery
 G - a ring of protection from cold (right hand)
 H - an uncursed amulet of rage
 J - the ring "Klau" (left hand) {+cTele Str+3 Int+1}
   (You found it in a labyrinth)

   [ring of teleport control]

   It can be evoked for teleport control.
   It affects your strength (+3).
   It affects your intelligence (+1).
Magical devices
 d - a wand of paralysis (11)
 j - a wand of lightning (6)
 p - a wand of fire (6)
 w - a wand of slowing (19)
 A - a wand of cold (9)
 K - a wand of teleportation (6)
 L - a wand of paralysis (9)
 R - a wand of digging (15)
 T - a wand of lightning (4)
Scrolls
 i - 2 scrolls of noise {unknown}
 n - 3 scrolls of remove curse
 o - 3 scrolls of immolation
 q - a scroll of blinking
 s - a scroll of fog
 y - a scroll of summoning
 D - a scroll of identify
 F - 2 scrolls of teleportation
 I - a scroll of magic mapping
 U - 3 scrolls of amnesia {unknown}
 W - 2 scrolls of recharging {unknown}
Potions
 a - 3 potions of heal wounds {unknown}
 b - a potion of resistance
 e - 3 potions of agility
 g - 2 potions of restore abilities {unknown}
 l - 4 potions of curing
 u - a potion of might {unknown}
 x - a potion of haste {unknown}
 z - a potion of poison {unknown}
 B - a potion of mutation {unknown}
 E - 2 potions of invisibility {unknown}
Books
 m - a book of Minor Magic

   Spells                             Type                      Level
   a - Magic Dart                     Conjuration                  1
   b - Blink                          Translocation                2
   c - Call Imp                       Summoning                    2
   d - Repel Missiles                 Charms/Air                   2
   e - Slow                           Hexes                        2
   f - Conjure Flame                  Conjuration/Fire             3
   g - Mephitic Cloud                 Conjuration/Poison/Air       3
   Trog disapproves of the use of such an item.
 M - a book of Conjurations

   Spells                             Type                      Level
   a - Magic Dart                     Conjuration                  1
   b - Searing Ray                    Conjuration                  2
   c - Dazzling Spray                 Conjuration/Hexes            3
   d - Fulminant Prism                Conjuration/Hexes            4
   e - Iskenderun's Mystic Blast      Conjuration                  4
   f - Iskenderun's Battlesphere      Conjuration/Charms           5
   Trog disapproves of the use of such an item.
 N - a book of the Warp

   Spells                             Type                      Level
   a - Recall                         Summoning/Translocation      3
   b - Control Teleport               Charms/Translocation         4
   c - Force Lance                    Conjuration/Translocation    4
   d - Phase Shift                    Translocation                5
   e - Warp Weapon                    Charms/Translocation         5
   f - Summon Forest                  Summoning/Translocation      5
   g - Gell's Gravitas                Hexes/Translocation          6
   Trog disapproves of the use of such an item.
 S - a book of Ice

   Spells                             Type                      Level
   a - Ice Form                       Ice/Transmutation            4
   b - Metabolic Englaciation         Hexes/Ice                    5
   c - Ozocubu's Refrigeration        Ice                          6
   d - Bolt of Cold                   Conjuration/Ice              6
   e - Freezing Cloud                 Conjuration/Ice/Air          6
   f - Simulacrum                     Ice/Necromancy               6
   Trog disapproves of the use of such an item.
Miscellaneous
 Q - a phantom mirror
Comestibles
 c - a bread ration
 h - 3 meat rations

Table legend:
 A = Turns spent in this place as a percentage of turns spent in the entire game.
 B = Non-inter-level travel turns spent in this place as a percentage of non-inter-level travel turns spent in the entire game.
 C = Inter-level travel turns spent in this place as a percentage of turns spent in this place.
 D = Turns resting spent in this place as a percentage of non-inter-level travel turns spent in this place.
 E = Turns spent auto-exploring this place as a percentage of non-inter-level travel turns spent in this place.
 F = Non-inter-level travel turns spent in this place divided by the number of levels of this place that you've seen.
                   A       B       C       D       E      F
               +-------+-------+-------+-------+-------+----------------------
         Total | 100.0 | 100.0 |   0.4 |   3.7 |   0.0 | 231.7
       Dungeon |  32.9 |  32.9 |   0.5 |   2.7 |   0.0 | 207.6
          Lair |  18.0 |  18.0 |   0.6 |   2.7 |   0.0 | 156.5
     Snake Pit |  20.4 |  20.4 |   0.6 |   7.7 |   0.0 | 283.6
  Orcish Mines |  14.8 |  14.9 |   0.2 |   2.1 |   0.0 | 258.5
     Labyrinth |   4.8 |   4.8 |   0.0 |   0.9 |   0.0 | 335.0
      Ice Cave |   9.0 |   9.0 |   0.0 |   4.8 |   0.0 | 628.0
               +-------+-------+-------+-------+-------+----------------------


   Skills:
 + Level 10.6 Fighting
   Level 8.2(12.2) Axes
 * Level 14.2(14.9) Maces & Flails
 - Level 10.2 Armour
 + Level 6.8 Dodging
 + Level 4.3 Shields
 - Level 6.4 Evocations


You had 14 spell levels left.
You didn't know any spells.

Dungeon Overview and Level Annotations

Branches:
Dungeon (11/15)              Lair (8/8) D:11          Snake (5/5) Lair:5
    Orc (4/4) D:10
 Temple: D:4-7        Swamp: Lair:3-6    Shoals: Lair:3-6     Slime: Lair:6-8
    Elf: Orc:3-4

Altars:
Cheibriados
Elyvilon
Makhleb
Sif Muna
Zin
Beogh

Shops:
Orc:1 *(   Orc:2 [   Orc:3 [   Orc:4 *   Snake:1 *

Portals:
Trove: D:11 (show horn of Geryon)


Innate Abilities, Weirdness & Mutations

You have razor-sharp teeth.
You regenerate.
When hurt, damage is shared between your health and your magic reserves.
Your bite disrupts and absorbs the magic of your enemies.
Potions and wands cannot restore your health.
You are immune to rotting.


Message History

The naga warrior seems to speed up.
The guardian serpent coils itself and waves its upper body at you.
The bolt of poison hits the naga.
The bolt of poison hits you!
You are more poisoned.
You resist.
The bolt of poison hits the naga.
The naga hits you but does no damage. The naga misses you.
The anaconda bites you but does no damage.
A naga and a greater naga come into view.
You bludgeon the naga!!
The naga explodes!
The fiery explosion engulfs the anaconda.
The anaconda is severely wounded.
The fiery explosion engulfs the naga.
The naga is severely wounded.
The fiery explosion engulfs the anaconda.
The anaconda is heavily wounded.
The fiery explosion engulfs you! You resist.
The fiery explosion engulfs the naga.
The naga explodes!
The fiery explosion engulfs you! You resist.
The fiery explosion engulfs the naga warrior.
The naga warrior is moderately wounded.
The fiery explosion engulfs the anaconda.
The anaconda explodes!
The fiery explosion engulfs you! You resist. Trog accepts your kill. x3
You are engulfed in roaring flames.
You resist.
You feel sick.
The anaconda is engulfed in roaring flames.
The anaconda bites you but does no damage.
The naga is engulfed in roaring flames.
The naga spits poison at you. The splash of poison hits you!
You are more poisoned.
You resist.
The naga warrior is engulfed in roaring flames.
The naga warrior closely misses you. The naga warrior constricts you.
You sock the anaconda! Your bite misses the anaconda.
The anaconda is almost dead.
You are engulfed in roaring flames.
You resist.
You die...

,,⌠,,,,,,,,*#....#..(..#.........
,,,,,,,,,,.####..#..#.)#.........
,8,8,8,8,...#.##.#..#.[#.####....
,,,,,,,,,.N....#.#..#))#.# *...,
,,,,,,,,,⌠N....#.#.%#()).# **,,,
,,,,,,,,,,,NNSN###..#....# *,,,
,8,8,8,8,,,,#NNS##..#....# **,,
,,,,,,,,,,,*#.SN#N§.#(...# **,
,,⌠,,,,,,,,*#.SS@§§.##...# *,
,,,,,,⌠,,,**##.N§§§####### *,
,,,,,,,,***,,##§§§§#,,,*********,
,,,,,,***,,,,,##%%##,,,,,,,,,,,,,
*******,,,,,,,,####,,,,,,,,,,,,,,
***,,,,,,,,**,,,,,,,,,,,,,,,,,,,,
,*,,,,,,****,,,,,**,,,,,,,,,,,,,,
,,,,,,,,,***,,,,***,,,,,,,,,,***,
,,,,,,,,,,**<,,,* ************ **


You could see 3 naga warriors, a greater naga, a salamander mystic (inner
flame), an anaconda (inner flame), 2 guardian serpents, 2 black mambas and 5
nagas.

Table legend:
 A = Kills in this place as a percentage of kills in entire the game.
 B = Kills by you in this place as a percentage of kills by you in the entire game.
 C = Kills by friends in this place as a percentage of kills by friends in the entire game.
 D = Other kills in this place as a percentage of other kills in the entire game.
 E = Experience gained in this place as a percentage of experience gained in the entire game.
 F = Experience gained in this place divided by the number of levels of this place that you have seen.
                   A       B       C       D       E      F
               +-------+-------+-------+-------+-------+----------------------
         Total | 100.0 | 100.0 | 100.0 | 100.0 | 100.0 | 3156.0
       Dungeon |  28.3 |  28.9 |   8.3 |   0.0 |  12.8 | 1101.9
          Lair |  24.0 |  24.6 |   0.0 |   0.0 |  21.8 | 2578.2
     Snake Pit |  16.8 |  15.4 |  66.7 | 100.0 |  43.1 | 8164.0
  Orcish Mines |  20.6 |  20.5 |  25.0 |   0.0 |   6.2 | 1458.8
     Labyrinth |   0.8 |   0.8 |   0.0 |   0.0 |   1.7 | 1617.0
      Ice Cave |   9.6 |   9.8 |   0.0 |   0.0 |  14.4 | 13662.0
               +-------+-------+-------+-------+-------+----------------------

Vanquished Creatures
  A frost giant (IceCv)
  Donald (Snake:2)
  A greater naga (Snake:5)
  Aizul (Snake:3)
  A vault guard (D:11)
  Josephine (Orc:3)
  A minotaur (Lab)
  Harold (Lair:7)
  8 naga warriors
  5 anacondas
  Erica (D:11)
  2 hydras
  An orc high priest (Orc:3)
  2 death yaks (IceCv)
  A naga sharpshooter (Snake:3)
  A shock serpent (Snake:3)
  2 naga ritualists
  An ice statue (IceCv)
  Pikel (D:7)
  A hill giant (D:10)
  4 mana vipers
  An orc sorcerer (Orc:3)
  A griffon (Lair:8)
  An ugly thing (D:11)
  A wizard (Lair:8)
  15 black mambas
  5 elephants (Lair:7)
  A salamander (Snake:2)
  5 guardian serpents
  3 spiny frogs (Lair:8)
  A queen ant (Lair:7)
  7 naga magi
  A torpor snail (Lair:7)
  A komodo dragon (Lair:6)
  12 polar bears (IceCv)
  An ettin zombie (Orc:3)
  9 blink frogs
  A trapdoor spider (Lab)
  A deep elf fighter (D:8)
  A deep elf mage (D:11)
  Eustachio (D:8)
  40 yaks
  A wyvern (Lair:5)
  3 hippogriffs
  18 wolves
  3 hungry ghosts
  22 nagas
  5 soldier ants (Lair:7)
  3 wargs
  5 porcupines
  10 water moccasins
  11 ice beasts
  16 orc warriors
  A sky beast (D:11)
  An eye of draining (D:10)
  4 ogres
  A centaur (D:8)
  4 crocodiles
  3 big kobolds
  5 giant frogs
  A boring beetle (Lair:8)
  Blork the orc (D:8)
  4 killer bees (D:10)
  9 wights
  2 crimson imps (D:10)
  2 hounds
  9 orc priests
  14 orc wizards
  18 worker ants
  Natasha (D:3)
  7 sheep (Lair:5)
  Ijyb (D:3)
  2 hound zombies
  A hound skeleton (D:11)
  9 adders
  15 river rats
  A shadow imp (D:11)
  A giant eyeball (D:10)
  An adder zombie (D:6)
  2 orc zombies (Orc:3)
  80 orcs
  3 bats
  5 goblins
  5 hobgoblins
  2 jackals (D:5)
  13 kobolds
  5 quokkas
  2 giant geckos
  3 giant newts
  A goblin zombie (Orc:3)
  An orc skeleton (Orc:3)
  4 rats
  2 fungi
  A plant (Lab)
491 creatures vanquished.

Vanquished Creatures (collateral kills)
  A greater naga (Snake:5)
  A naga warrior (Snake:3)
  An anaconda (Snake:5)
  A naga sharpshooter (Snake:5)
  Nergalle (D:11)
  A guardian serpent (Snake:5)
  2 trolls (Orc:3)
  3 nagas
  An orc (Orc:3)
12 creatures vanquished.

Vanquished Creatures (others)
  2 hill giants (Snake:3)
  A yak (IceCv)
  A slave (D:7)
  A naga (Snake:3)
  A hobgoblin (D:7)
  3 plants
9 creatures vanquished.

Grand Total: 512 creatures vanquished

Action                   |  1- 3 |  4- 6 |  7- 9 | 10-12 | 13-15 || total
-------------------------+-------+-------+-------+-------+-------++-------
Melee: Hand axe          |    51 |    44 |       |       |       ||    95
       War axe           |       |     3 |    39 |       |       ||    42
       Whip              |       |       |   126 |   664 |     6 ||   796
       Morningstar       |       |       |       |     1 |       ||     1
       Unarmed           |       |       |       |    60 |       ||    60
       Great mace        |       |       |       |    41 |   351 ||   392
       Eveningstar       |       |       |       |       |   278 ||   278
Invok: Berserk           |     2 |     2 |    13 |    23 |    17 ||    57
       Burn Spellbooks   |       |       |     1 |       |       ||     1
       Trog's Hand       |       |       |     1 |     1 |     7 ||     9
       Brothers in Arms  |       |       |       |     2 |     4 ||     6
 Abil: Evoke Teleport Co |       |       |       |       |     1 ||     1
Evoke: Wand              |       |       |       |     6 |     5 ||    11
  Use: Scroll            |       |       |       |    21 |     6 ||    27
       Potion            |       |       |       |     1 |     2 ||     3
  Eat: Fruit             |       |     2 |       |     5 |    15 ||    22
       Chunk             |       |     1 |    17 |    27 |    13 ||    58
       Pizza             |       |       |     1 |     1 |     1 ||     3
       Beef jerky        |       |       |       |     1 |     1 ||     2
       Royal jelly       |       |       |       |     1 |       ||     1
       Bread ration      |       |       |       |       |     1 ||     1

Vault maps used:
D:1:      erik_arrival_cave_to_civilisation, nrook_loot_triangle
D:2:      minmay_misc_feat_pillars, uniq_sigmund
D:3:      lemuel_upstairs_altar, grunt_temple_overflow_order_and_chaos_2,
          yredelemnul_altar_generic, uniq_iyjb, uniq_natasha
D:4:      lemuel_zombie_altar_kikubaaqudgha
D:5:      first_bread
D:6:      nicolae_overflow_hidden_temple
D:7:      kennysheep_mini_moat, minmay_temple_entry_glassed_door, basic_altar,
          grunt_livestock, uniq_pikel
D:8:      black_bear_nest_1, gammafunk_temple_overflow_wave, special_room,
          minmay_statues_item, sword_in_stone, uniq_edmund
D:9:      kennysheep_orc_sif_temple
D:10:     erik_orc_2, serial_shops, nicolae_shop_temple_entry_statues_fountains,
          elyvilon_altar_3
D:11:     dpeg_lair_monsters, enter_trove_5, lab_entry_generic,
          nicolae_gozag_seed_capital, uniq_erica, uniq_nergalle
Lair:1:   special_room
Lair:2:   grunt_megastairs_3, lemuel_fruit_tree
Lair:3:   basic_altar, st_stairs_6
Lair:4:   grunt_forest_small_clearing_treed
Lair:5:   minmay_swamp_entry_swarm, minmay_snake_entry_guardpost_small,
          basic_altar
Lair:6:   kennysheep_rathole, minmay_hedge_maze, patterned_corridor
Lair:7:   minmay_slime_entry_oklob_enclosed, portal_ice_cave_entry_ice_beasts,
          zaba_antful_of_joy, uniq_harold, uniq_maud
Lair:8:   evil_forest
Snake:1:  serial_shops, shop
Snake:2:  grunt_megastairs_5, basic_stair_grate_trap, serial_bayou_shore_b,
          uniq_donald
Snake:3:  basic_altar, uniq_aizul
Snake:4:  serial_shops, shop, st_stairs_8, spider_trap
Snake:5:  grunt_snake_rune_serpentine_throne, grunt_ministairs_11, st_stairs_14
Orc:1:    serial_shops, shop, shop, nicolae_shop_stone, shop,
          nicolae_orc_flooded_monolith
Orc:2:    serial_shops, shop
Orc:3:    serial_shops, nicolae_shop_trees, nicolae_orc_pool_cavern,
          nooodl_orcs_dogs, uniq_josephine, uniq_fannar
Orc:4:    serial_shops, shop_statue, basic_altar, st_orc_mages,
          okawaru_metal_pillars_3
Lab:      labyrinth_hidden_loot, nicolae_lab_garden, labyrinth_lava_lair,
          nicolae_lab_plus
IceCv:    ice_cave_caverns_02
